 Dungeon Crawl Stone Soup version 0.31-a0-626-g8143ab4f1d (webtiles) character file.

Game seed: 14933984780583490558

182 mandarbmax the Cutter (level 5, -7/30 HPs)
             Began as a Kobold Gladiator on Aug 24, 2023.
             Was a Follower of Uskayaw.
             Mangled by Edmund
             ... wielding a +4 flail of protection
              (12 damage)
             ... on level 4 of the Dungeon.
             The game lasted 00:04:52 (2020 turns).

mandarbmax the Cutter (Kobold Gladiator)            Turns: 2020, Time: 00:04:52

Health: -7/30      AC:  5    Str: 11    XL:     5   Next: 93%
Magic:  6/6        EV: 16    Int:  9    God:    Uskayaw [*.....]
Gold:   70         SH:  0    Dex: 19    Spells: 4/4 levels left

rFire   . . .        a - +2 rapier
rCold   . . .        (no shield)
rNeg    . . .        b - +0 leather armour
rPois   .            c - +0 helmet
rElec   .            g - +0 cloak
rCorr   .            (no gloves)
SInv    .            (no boots)
Will    .....        (no amulet)
Stlth   ++           m - ring of flight
HPRegen 0.25/turn    (no ring)
MPRegen 0.10/turn

%: no passive effects
@: flying
A: small, no large weapons, nightstalker 3
a: Renounce Religion, Stomp


You were on level 4 of the Dungeon.
You worshipped Uskayaw.
Uskayaw was noncommittal.
You visited 1 branch of the dungeon, and saw 4 of its levels.

You collected 150 gold pieces.
You spent 80 gold pieces at shops.

Inventory:

Hand Weapons
 a - a +2 rapier (weapon)
Missiles
 d - 3 throwing nets
 e - 8 boomerangs (quivered)
Armour
 b - a +0 leather armour (worn)
 c - a +0 helmet (worn)
 g - a +0 cloak (worn)
Jewellery
 m - a ring of flight (left hand)
Talismans
 k - a beast talisman
Wands
 i - a wand of flame (18)
Scrolls
 h - a scroll of identify
 o - a scroll of amnesia {unknown}
Potions
 j - a potion of lignification
 l - 2 potions of mutation
 n - a potion of cancellation


   Skills:
 - Level 2.1 Fighting
 + Level 5.2 Short Blades
 - Level 4.5 Throwing
 - Level 4.0 Dodging
 + Level 0.0 Stealth
 + Level 2.4 Invocations


You had 4 spell levels left.
You didn't know any spells.
Your spell library contained the following spells:

 Spells                   Type           Power      Damage    Failure   Level
 Magic Dart               Conj           0%         1d3       47%         1
 Searing Ray              Conj           0%         2d4       63%         2
 Tukima's Dance           Hex            0%         N/A       85%         3
 Fulminant Prism          Conj/Hex       0%         3d5       99%         4
 Passage of Golubria      Tloc           0%         N/A       99%         4
 Yara's Violent Unravell  Hex/Tmut       0%         3d3       100%        5


Dungeon Overview and Level Annotations

Branches:
Dungeon (4/15)
 Temple: D:4-7

Altars:
Uskayaw

Shops:
D:2 !

Annotations:
D:4 Edmund


Innate Abilities, Weirdness & Mutations

You are small and have problems with some larger weapons.
You are completely attuned to the shadows.


Message History

You reach down and open the door.
There is an open door here.
n - 2 puce potions (gained 1) Edmund the Younger comes into view.
He is wielding a +4 flail of protection.
Edmund is nearby!
Edmund is nearby!
A goblin comes into view. It is wielding a +0 dagger.
Found a scroll labelled PUFRIE WETRU.
The helpless Edmund fails to defend himself.
You puncture Edmund!
Edmund is lightly wounded.
Edmund says, "People accused me of being a cutpurse!"
Edmund misses you.
You hit Edmund but do no damage.
Edmund is lightly wounded.
Edmund barely misses you.
You closely miss Edmund.
Edmund is lightly wounded.
Edmund hits you with a +4 flail of protection!
You closely miss Edmund.
Edmund is lightly wounded.
The goblin shouts!
Edmund hits you with a +4 flail of protection!
Okay, then.
Okay, then.
You hit Edmund but do no damage.
Edmund is lightly wounded.
Edmund hits you with a +4 flail of protection!
* * * LOW HITPOINT WARNING * * *
Unknown command.
You feel better.
Edmund hits you with a +4 flail of protection!
* * * LOW HITPOINT WARNING * * *
You feel better.
Edmund hits you with a +4 flail of protection.
* * * LOW HITPOINT WARNING * * *
It was a potion of cancellation.
You feel magically purged.
Edmund hits you with a +4 flail of protection!
You die...
Edmund says, "That'll show my brother!"

#?# #.# #g# #@#
#@# #.# #.#
#####.#########
#.....#.......#
#.#####.#####.#
###### #.# #.#
#.# #..... #.#
#.# #.# #.####
#.# #.# #.# #.#


You could see Edmund and a goblin.

Vanquished Creatures
  An ogre (D:4)
  3 gnolls (D:2)
  2 adders (D:4)
  A worm (D:2)
  A dart slug (D:1)
  5 orcs (D:4)
  3 bats
  7 endoplasms
  3 giant cockroaches
  A goblin (D:2)
  4 hobgoblins
  4 jackals (D:1)
  2 quokkas
  3 frilled lizards
  3 kobolds
  A rat (D:1)
44 creatures vanquished.

Notes
Turn   | Place    | Note
-------+----------+-------------------------------------------
     0 | D:1      | mandarbmax the Kobold Gladiator began the quest for the
                  | Orb.
     0 | D:1      | Reached XP level 1. HP: 12/12 MP: 1/1
   425 | D:1      | Reached XP level 2. HP: 12/17 MP: 2/2
   828 | D:2      | Found a faded altar of an unknown god.
   836 | D:2      | Reached XP level 3. HP: 21/21 MP: 3/3
   954 | D:2      | Found Itoe's Distillery.
   961 | D:2      | Bought a potion of mutation for 80 gold pieces
  1101 | D:2      | Reached XP level 4. HP: 12/26 MP: 4/4
  1319 | D:2      | Found a hide-covered altar of Uskayaw.
  1325 | D:2      | Became a worshipper of Uskayaw the Reveller
  1523 | D:3      | You are sucked into a shaft and drop 1 floor!
  1546 | D:4      | Reached * piety under Uskayaw
  1550 | D:4      | Reached ** piety under Uskayaw
  1577 | D:4      | Reached *** piety under Uskayaw
  1742 | D:4      | Reached skill level 1 in Invocations
  1806 | D:4      | Noticed an ogre
  1818 | D:4      | Reached XP level 5. HP: 13/30 MP: 0/5
  1818 | D:4      | Killed an ogre
  1819 | D:4      | Reached skill level 5 in Short Blades
  2009 | D:4      | Noticed Edmund
  2020 | D:4      | Mangled by Edmund

Illustrated notes

Levels and vault maps discovered:
D:1:      dpeg_arrival_radiant, layout_basic
D:2:      layout_rooms, basic_altar, serial_shops, shop,
          hellmonk_ecumenical_altar_crossroads, serial_glass, glass_columns_c,
          glass_columns_a, glass_columns_a, glass_columns_b, glass_columns_c,
          glass_columns_b, glass_columns_b, glass_columns_a
D:3:      layout_basic, xom_butterflies, uniq_robin, uniq_terence, uniq_grinder
D:4:      layout_basic, mainiacjoe_overflow_catwalk, uniq_menkaure, uniq_edmund

Skill      XL: |  1  2  3  4  5 |
---------------+----------------+-----
Dodging        | 4 |  4.0
Throwing       | 3 4 |  4.5
Invocations    | 1 2 |  2.4
Short Blades   | 5 |  5.2
Fighting       | |  2.1

Action                     |  1- 3 |  4- 6 || total
---------------------------+-------+-------++-------
  Melee: Rapier            |    74 |    56 ||   130
         Punch             |     1 |     1 ||     2
  Throw: Boomerang         |       |     2 ||     2
 Invoke: Line Pass         |       |     1 ||     1
    Use: Scroll            |     2 |     2 ||     4
         Potion            |       |     4 ||     4
   Stab: Sleeping          |     8 |     5 ||    13
         Paralysed         |       |     1 ||     1
 Armour: Leather armour    |    14 |     8 ||    22
  Dodge: Dodged            |    74 |    35 ||   109
         Form:             |     1 |       ||     1
         Beast             |     1 |       ||     1

Table legend: (Time is in decaauts)
 A = Elapsed time spent in this place.
 B = Non-inter-level travel time spent in this place.
 C = Inter-level travel time spent in this place.
 D = Time resting spent in this place.
 E = Time spent auto-exploring this place.
 F = Levels seen in this place.
 G = Mean time per level.
                   A        B        C        D        E       F      G
               +--------+--------+--------+--------+--------+-----+--------+
         Total |   2018 |   1973 |     45 |     36 |   1600 |   4 |  504.5 |
       Dungeon |   2018 |   1973 |     45 |     36 |   1600 |   4 |  504.5 |
               +--------+--------+--------+--------+--------+-----+--------+

Top non-repeatable levels by time:
     D:1: 818 daAuts
     D:2: 677 daAuts
     D:4: 496 daAuts
     D:3: 26 daAuts
